 Dungeon Crawl Stone Soup version 0.17.0-27-g4a3f43e (webtiles) character file.

49925 McCoppin the Spry (level 14, 0/122 HPs)
             Began as a Merfolk Ice Elementalist on Nov 21, 2015.
             Was a High Priest of Fedhas.
             Slain by a polar bear (4 damage)
             ... on level 8 of the Lair of Beasts.
             The game lasted 02:04:23 (26532 turns).

McCoppin the Spry (Merfolk Ice Elementalist)       Turns: 26532, Time: 02:04:25

Health: 0/122      AC:  8    Str:  8    XL:     14   Next: 52%
Magic:  18/23      EV: 26    Int: 15    God:    Fedhas [*****.]
Gold:   1138       SH:  0    Dex: 19    Spells: 6 memorised, 7 levels left

rFire  . . .     SeeInvis .     P - +4 halberd
rCold  + . .     Clarity  .     u - +0 troll leather armour {Snorg}
rNeg   + . .     SustAt   .     (shield currently unavailable)
rPois  .         Gourm    .     x - +2 hat
rElec  .         Spirit   .     (no cloak)
rCorr  .         Warding  +     h - +1 pair of gloves
rMut   .         Stasis   .     (no boots)
MR     +....                    I - amulet of warding
Stlth  +++++.....               e - ring of wizardry
                                Q - ring of protection from cold

@: somewhat resistant to hostile enchantments, quite stealthy
A: change form in water, swift swim, robust 1, spit poison 1, subdued magic 1
a: Spit Poison, Evolution, Sunlight, Growth, Reproduction, Rain, Renounce
Religion


You were on level 8 of the Lair of Beasts.
You worshipped Fedhas.
Fedhas was extremely pleased with you.
You were not hungry.

You visited 3 branches of the dungeon, and saw 20 of its levels.

You collected 1138 gold pieces.

Inventory:

Hand Weapons
 m - a +1 dagger of venom
 p - a +0 blowgun
 P - a +4 halberd (weapon)
 W - a +2 trident of freezing
Missiles
 l - 45 poisoned needles
 L - 4 needles of sleeping
 T - 8 needles of confusion
Armour
 a - a +0 robe
 h - a +1 pair of gloves (worn)
 u - a +0 troll leather armour (worn) {Snorg}
 x - a +2 hat (worn)
Jewellery
 d - an uncursed ring of fire
 e - a ring of wizardry (right hand)
 I - an amulet of warding (around neck)
 Q - a ring of protection from cold (left hand)
 U - an uncursed ring of sustain attributes
Wands
 o - a wand of slowing (21)
 s - a wand of paralysis (17)
 w - a wand of paralysis (18)
 J - a wand of teleportation (6)
 R - a wand of slowing (13)
Scrolls
 g - 4 scrolls of teleportation
 i - a scroll of enchant weapon
 k - a scroll of enchant armour
 q - 7 scrolls of identify
 r - 11 scrolls of amnesia
 v - 2 scrolls of acquirement {unknown}
 y - 3 scrolls of immolation
 B - 3 scrolls of recharging
 C - 3 scrolls of remove curse
 D - a scroll of fog
 K - a scroll of magic mapping {unknown}
 M - 2 scrolls of holy word
 N - 2 scrolls of silence
 V - 2 scrolls of noise
 X - a scroll of blinking
Potions
 f - 4 potions of brilliance
 n - 4 potions of agility
 t - 4 potions of might
 z - 3 potions of resistance
 E - 2 potions of cancellation
 G - a potion of invisibility
 H - 3 potions of flight
 S - 3 potions of curing {unknown}
Books
 b - a book of Frost

   Spells                             Type                      Level
   a - Freeze                         Ice                          1
   b - Throw Frost                    Conjuration/Ice              2
   c - Ozocubu's Armour               Charms/Ice                   3
   d - Throw Icicle                   Conjuration/Ice              4
   e - Summon Ice Beast               Ice/Summoning                4
   f - Condensation Shield            Ice                          4
 F - a Young Poisoner's Handbook

   Spells                             Type                      Level
   a - Sting                          Conjuration/Poison           1
   b - Cure Poison                    Poison                       2
   c - Mephitic Cloud                 Conjuration/Poison/Air       3
   d - Olgreb's Toxic Radiance        Poison                       4
   e - Venom Bolt                     Conjuration/Poison           5
 O - a book of Changes

   Spells                             Type                      Level
   a - Beastly Appendage              Transmutation                1
   b - Sticks to Snakes               Transmutation                2
   c - Spider Form                    Transmutation/Poison         3
   d - Ice Form                       Ice/Transmutation            4
   e - Blade Hands                    Transmutation                5
 Z - a book of the Dragon

   Spells                             Type                      Level
   a - Flame Tongue                   Conjuration/Fire             1
   b - Cause Fear                     Hexes                        4
   c - Bolt of Fire                   Conjuration/Fire             6
   d - Dragon Form                    Transmutation                7
   e - Dragon's Call                  Summoning                    9
Comestibles
 c - 13 fruits
 Y - 5 slices of pizza


   Skills:
 - Level 10.5 Fighting
 - Level 16.0 Polearms
 + Level 18.1 Dodging
 + Level 10.6 Stealth
 - Level 6.0 Spellcasting
 - Level 0.7 Conjurations
 - Level 7.1 Ice Magic
 - Level 6.1 Invocations


You had 7 spell levels left.
You knew the following spells:

 Your Spells              Type           Power        Failure   Level  Hunger
a - Freeze                Ice            ###.         1%          1    None
b - Throw Frost           Conj/Ice       ##....       1%          2    #......
c - Ozocubu's Armour      Chrm/Ice       ##......     3%          3    ##.....
d - Summon Ice Beast      Ice/Summ       ##......     16%         4    ####...
e - Condensation Shield   Ice            ###.......   2%          4    ####...
f - Throw Icicle          Conj/Ice       ##......     16%         4    ####...


Dungeon Overview and Level Annotations

Branches:
Dungeon (11/15)            Temple (1/1) D:7            Lair (8/8) D:11
 Shoals (0/4) Lair:6       Spider (0/4) Lair:3          Orc (0/4) D:11
  Slime: Lair:6-8

Altars:
Ashenzari
Cheibriados
Dithmenos
Elyvilon
Fedhas
Gozag
Kikubaaqudgha
Makhleb
Nemelex Xobeh
Okawaru
Qazlal
Ru
Sif Muna
Trog
Vehumet
Xom
Yredelemnul
Zin
The Shining One

Shops:
D:6 %   D:10 =


Innate Abilities, Weirdness & Mutations

You revert to your normal form in water.
You are very nimble and swift while swimming.
You are robust (+10% HP).
You can spit weak poison.
Your spells are a little easier to cast, but a little less powerful.


Message History

The polar bear goes berserk!
Attack whom?
Press: ? - help, Dir - move target cursor, f/p - spriggan rider
Aim: a spriggan rider, wielding a spear
Okay, then.
Attack whom?
Press: ? - help, Dir - move target cursor, f/p - spriggan rider
Aim: a spriggan rider, wielding a spear
Okay, then.
Unknown command.
The spriggan rider hits you from afar with a spear!
* * * LOW HITPOINT WARNING * * *
Read which item? (? for menu, Esc to quit)
As you read the scroll of fear, it crumbles to dust.
You assume a fearsome visage.
The polar bear looks frightened!
The spriggan rider resists with almost no effort.
The polar bear completely misses you. The polar bear misses you.
The polar bear claws you.
You die...
Fedhas appreciates your contribution to the ecosystem.

#.PPPP♣♣PPP....♣
##.PP♣♣÷PPP...♣
###..P♣♣♣♣♣♣♣..♣♣
#...#.♣♣ ♣♣..♣ ##.....♣
♣♣♣.♣.....♣ #.#..♣♣
♣...♣♣♣♣.... ###....♣♣
♣..♣♣ ♣.. #.......#
♣.♣♣ ♣ #.#....## ♣@♣♣
###PP###♣ ♣♣h♣♣ #
#####PPPP..♣ ♣♣i♣♣♣
.##....P.....♣ ♣♣h.♣
P.##..P.....♣♣ ♣♣.....♣
............... ♣♣.....
..†..........P# ♣♣♣
....
..........######♣.♣♣♣♣
=.♣
.........#######.....♣♣
♣♣ ♣♣♣


You could see a spriggan rider and 2 polar bears.

Vanquished Creatures
  Maud (D:11)
  Snorg (Lair:6)
  Josephine (D:11)
  4 hydras
  Erolcha (D:9)
  3 death yaks
  An unseen horror (D:11)
  5 hill giants
  An ugly thing (D:11)
  A griffon (Lair:7)
  A manticore (D:11)
  2 black mambas
  18 spiny frogs
  11 elephants
  Psyche (D:9)
  2 torpor snails
  2 fire drakes
  8 komodo dragons
  3 trolls
  2 polar bears (Lair:8)
  10 blink frogs
  4 wyverns
  Sigmund (D:2)
  4 wraiths
  A redback (Lair:8)
  A deep elf mage (D:10)
  A human (D:10)
  8 hippogriffs
  Grum (D:11)
  27 yaks
  2 spriggans (Lair:8)
  2 basilisks
  18 wolves
  8 orc warriors
  13 porcupines
  9 water moccasins
  A wasp (Lair:8)
  4 phantoms
  An eye of draining (D:11)
  10 black bears
  2 necrophages
  7 ogres
  2 sky beasts (D:6)
  18 crocodiles
  15 centaurs
  4 big kobolds
  17 giant frogs
  A gnoll sergeant (D:11)
  5 scorpions
  A wyvern skeleton (D:9)
  4 electric eels (D:11)
  5 wights
  3 crimson imps
  A centaur zombie (D:4)
  A giant frog zombie (D:9)
  2 jellies
  10 hounds
  4 orc priests
  3 centaur skeletons
  7 iguanas
  8 orc wizards
  7 worker ants
  A killer bee zombie (D:8)
  7 sheep
  A hound zombie (D:9)
  A hound skeleton (D:9)
  A worker ant zombie (D:8)
  14 gnolls
  31 river rats
  13 adders
  5 shadow imps
  An ooze (D:1)
  5 adder zombies
  6 worms
  7 giant geckos
  32 orcs
  2 ball pythons (D:3)
  6 bats
  3 giant cockroaches
  10 goblins
  3 hobgoblins
  10 jackals
  12 kobolds
  4 quokkas
  A ball python zombie (D:5)
  A giant gecko skeleton (D:4)
  5 giant newts
  A jackal skeleton (D:6)
  9 rats
514 creatures vanquished.

Vanquished Creatures (collateral kills)
  A death yak (Lair:5)
  2 trolls (D:10)
  A blink frog (Lair:4)
  3 centaurs (D:11)
  An ogre (D:11)
  A crocodile (Lair:5)
  A wight (D:7)
  A jelly (D:7)
  A centaur zombie (D:5)
  A centaur skeleton (D:10)
  3 river rats (Lair:4)
  A giant gecko (D:6)
  An orc (D:8)
18 creatures vanquished.

Vanquished Creatures (others)
  2 oklob plants
  A necrophage (D:9)
  A centaur (D:11)
  A quokka (D:11)
  11 fungi
  13 plants
  315 toadstools
344 creatures vanquished.

Grand Total: 876 creatures vanquished

Notes
Turn   | Place    | Note
--------------------------------------------------------------
     0 | D:1      | McCoppin the Merfolk Ice Elementalist began the quest for the Orb.
     0 | D:1      | Reached XP level 1. HP: 13/13 MP: 3/3
   345 | D:1      | Reached XP level 2. HP: 19/19 MP: 1/5
   371 | D:1      | Reached skill level 4 in Ice Magic
   943 | D:2      | Reached XP level 3. HP: 21/24 MP: 6/6
  1037 | D:2      | Learned a level 2 spell: Throw Frost
  1041 | D:2      | Learned a level 3 spell: Ozocubu's Armour
  1300 | D:2      | Noticed Sigmund
  1348 | D:2      | Killed Sigmund
  1348 | D:2      | Reached skill level 6 in Ice Magic
  1348 | D:2      | Reached XP level 4. HP: 17/30 MP: 0/7
  1348 | D:2      | Reached XP level 5. HP: 19/35 MP: 0/8
  1607 | D:2      | Reached skill level 1 in Polearms
  1730 | D:2      | Reached skill level 7 in Ice Magic
  1793 | D:2      | Reached XP level 6. HP: 38/41 MP: 4/9
  2628 | D:3      | Found a faded altar to an unknown god.
  3022 | D:4      | Reached XP level 7. HP: 42/46 MP: 2/11
  3034 | D:4      | Learned a level 4 spell: Summon Ice Beast
  3275 | D:4      | Found a shattered altar of Ashenzari.
  3277 | D:4      | Found a snail-covered altar of Cheibriados.
  3398 | D:4      | Found a shadowy altar of Dithmenos.
  3400 | D:4      | Found a deep blue altar of Sif Muna.
  3401 | D:4      | Found a radiant altar of Vehumet.
  3402 | D:4      | Found a shimmering altar of Xom.
  3874 | D:4      | Reached skill level 5 in Polearms
  4202 | D:4      | Learned a level 4 spell: Condensation Shield
  4394 | D:5      | Entered Level 5 of the Dungeon
  4859 | D:5      | Reached XP level 8. HP: 47/52 MP: 9/14
  5899 | D:6      | Reached skill level 5 in Spellcasting
  6248 | D:6      | Reached skill level 8 in Polearms
  6252 | D:6      | Gained mutation: You are robust (+10% HP). [mutagenic meat]
  6254 | D:6      | Gained mutation: Your spells are a little easier to cast, but a little less powerful. [mutagenic meat]
  6255 | D:6      | Gained mutation: You can spit weak poison. [mutagenic meat]
  6640 | D:6      | Reached skill level 9 in Polearms
  6960 | D:6      | Found Zugavi Hoyh's Food Boutique.
  7097 | D:6      | Reached skill level 10 in Polearms
  7656 | D:6      | Reached skill level 11 in Polearms
  7785 | D:6      | Reached XP level 9. HP: 62/62 MP: 4/16
  7791 | D:6      | Learned a level 4 spell: Throw Icicle
  8002 | D:7      | Found a staircase to the Ecumenical Temple.
  8014 | Temple   | Entered the Ecumenical Temple
  8215 | Temple   | Became a worshipper of Fedhas Madash
  8270 | D:7      | Reached skill level 12 in Polearms
  9101 | D:7      | Reached skill level 13 in Polearms
 10270 | D:7      | Reached skill level 14 in Polearms
 10548 | D:8      | Reached skill level 1 in Fighting
 11115 | D:8      | Reached XP level 10. HP: 71/74 MP: 18/18
 11553 | D:9      | Noticed Psyche
 11559 | D:9      | Killed Psyche
 11559 | D:9      | Reached skill level 5 in Dodging
 11962 | D:9      | Found a sacrificial altar of Ru.
 12008 | D:9      | Reached * piety under Fedhas
 12191 | D:9      | Got a jewelled war axe
 12198 | D:9      | Identified the +3 war axe of Judgement {antimagic, rF+ Str+2 Int-5 Stlth+} (You found it on level 9 of the Dungeon)
 12583 | D:9      | Noticed Erolcha
 12609 | D:9      | Killed Erolcha
 12609 | D:9      | Reached skill level 5 in Fighting
 12699 | D:10     | Entered Level 10 of the Dungeon
 12764 | D:10     | Found Tuxer's Jewellery Emporium.
 12932 | D:10     | Noticed a hill giant
 12946 | D:10     | Killed a hill giant
 13065 | D:10     | Reached XP level 11. HP: 89/92 MP: 20/20
 13293 | D:10     | Reached ** piety under Fedhas
 13318 | D:10     | Noticed a hill giant
 13328 | D:10     | Killed a hill giant
 13550 | D:11     | Noticed Josephine
 13591 | D:11     | Noticed a six-headed hydra
 13672 | D:11     | Noticed an eight-headed hydra
 13788 | D:10     | Reached skill level 10 in Dodging
 14568 | D:11     | Found a staircase to the Orcish Mines.
 14836 | D:11     | Noticed Grum
 14878 | D:11     | Killed Grum
 15015 | D:11     | Noticed an unseen horror
 15024 | D:11     | Killed an unseen horror
 15180 | D:11     | Killed a six-headed hydra
 15334 | D:11     | Noticed a hill giant
 15341 | D:11     | Killed a hill giant
 15341 | D:11     | Reached skill level 10 in Fighting
 15352 | D:11     | Killed an eight-headed hydra
 15352 | D:11     | Reached XP level 12. HP: 67/106 MP: 2/21
 15384 | D:11     | Killed Josephine
 15391 | D:11     | Reached *** piety under Fedhas
 15486 | D:11     | Noticed a hill giant
 15494 | D:11     | Reached skill level 1 in Invocations
 15537 | D:11     | Found a staircase to the Lair.
 15585 | D:11     | Noticed a hill giant
 15947 | D:11     | Killed a hill giant
 15956 | D:11     | Noticed Maud
 16407 | D:11     | Killed a hill giant
 16443 | D:11     | Found a white marble altar of Elyvilon.
 18041 | D:11     | Killed Maud
 18041 | D:11     | Reached skill level 5 in Invocations
 18255 | Lair:1   | Entered Level 1 of the Lair of Beasts
 19065 | Lair:1   | Reached skill level 15 in Polearms
 19081 | Lair:1   | Reached **** piety under Fedhas
 20148 | Lair:3   | Reached XP level 13. HP: 106/114 MP: 20/22
 20695 | Lair:3   | Found a hole to the Spider Nest.
 21207 | Lair:4   | Reached skill level 15 in Dodging
 21517 | Lair:4   | Reached skill level 16 in Polearms
 22672 | Lair:5   | Reached ***** piety under Fedhas
 23050 | Lair:5   | Reached skill level 5 in Stealth
 24157 | Lair:6   | Found a staircase to the Shoals.
 24493 | Lair:6   | Noticed Snorg
 24545 | Lair:6   | Killed Snorg
 25213 | Lair:7   | Reached XP level 14. HP: 95/122 MP: 12/23
 25393 | Lair:7   | Reached skill level 17 in Dodging
 25771 | Lair:8   | Entered Level 8 of the Lair of Beasts
 26137 | Lair:8   | Reached skill level 10 in Stealth
 26429 | Lair:8   | Reached skill level 18 in Dodging
 26531 | Lair:8   | HP: 3/122 [spriggan rider/spear (16)]
 26532 | Lair:8   | Slain by a polar bear

Action                   |  1- 3 |  4- 6 |  7- 9 | 10-12 | 13-15 || total
-------------------------+-------+-------+-------+-------+-------++-------
Melee: Unarmed           |    37 |    33 |       |       |       ||    70
       Dagger            |       |    34 |   153 |       |       ||   187
       Spear             |       |       |   279 |       |       ||   279
       Trident           |       |       |   237 |   142 |    59 ||   438
       Halberd           |       |       |       |   701 |   945 ||  1646
 Cast: Freeze            |    37 |    45 |    20 |    16 |    34 ||   152
       Throw Frost       |     2 |     9 |    44 |     9 |     3 ||    67
       Ozocubu's Armour  |     1 |     3 |    20 |    26 |    30 ||    80
       Condensation Shie |       |       |    19 |    30 |    27 ||    76
       Summon Ice Beast  |       |       |    11 |    40 |    14 ||    65
       Throw Icicle      |       |       |    12 |    22 |    12 ||    46
Invok: Sunlight          |       |       |       |     6 |       ||     6
       Rain              |       |       |       |       |     1 ||     1
       Evolution         |       |       |       |       |     1 ||     1
 Abil: Spit Poison       |       |       |       |     5 |       ||     5
  Use: Potion            |     4 |     1 |     2 |     4 |     1 ||    12
       Scroll            |       |     7 |     1 |    14 |     2 ||    24
 Stab: Sleeping          |     3 |     1 |     9 |    12 |    14 ||    39
       Distracted        |       |       |     3 |     5 |     2 ||    10
       Invisible         |       |       |       |     5 |       ||     5
  Eat: Chunk             |     2 |     5 |    17 |    14 |    20 ||    58
       Bread ration      |       |     1 |     5 |     3 |     2 ||    11
       Fruit             |       |       |     1 |       |       ||     1
       Pizza             |       |       |       |     6 |     1 ||     7
       Meat ration       |       |       |       |     2 |     1 ||     3
       Beef jerky        |       |       |       |     1 |     1 ||     2
